 Dungeon Crawl Stone Soup version 0.31-a0-986-g5e6e4ef867 (webtiles) character file.

Game seed: 4798701947717936834

8675 Xavori the Nimble (level 11, -2/69 (81) HPs)
             Began as a Djinni Chaos Knight on Nov 8, 2023.
             Was a Plaything of Xom.
             Slain by an orc warrior
             ... wielding a +0 hand axe
              (7 damage)
             ... on level 9 of the Dungeon.
             The game lasted 00:18:26 (12647 turns).

Xavori the Nimble (Djinni Chaos Knight)            Turns: 12647, Time: 00:18:27

HP:   -2/69 (81)    AC: 11    Str: 17    XL:     11   Next: 60%
Gold: 699           EV: 16    Int: 11    God:    Xom [..*...] SH:  5 Dex: 17

rFire   + + +        a - +0 falchion (chaos)
rCold   + + .        (no shield)
rNeg    . . .        b - +2 leather armour
rPois   ∞            (no helmet)
rElec   +            A - +0 cloak of Minor Irritation {+Blink rF+ rC+++ Int-5}
rCorr   +            (no gloves)
SInv    +            (boots unavailable)
Will    +....        x - amulet of reflection
Stlth   +            p - ring of see invisible
HPRegen 0.31/turn    y - ring of resist corrosion
MPRegen 0.00/turn

%: reflection, infuse magic (-3 HP)
@: flying, heavily drained
A: sickness immunity, fire resistance 2, cold vulnerability 1, float, innate
caster, HP casting, extra vitality 1, iridescent scales 2, agile 1, clever 1,
electricity resistance, strong 2, wild magic 3, no potion heal 1, MP-powered
wands
a: Renounce Religion, Evoke Blink


You were on level 9 of the Dungeon.
You worshipped Xom.
You were a toy of Xom.
You visited 1 branch of the dungeon, and saw 9 of its levels.
You also visited: Ossuary and Bailey.

You collected 1000 gold pieces.
You spent 301 gold pieces at shops.

Inventory:

Hand Weapons
 a - a +0 falchion of chaos (weapon)
Missiles
 j - 21 curare-tipped darts (quivered)
 t - 2 throwing nets
Armour
 b - a +2 leather armour (worn)
 m - a scarf of resistance
 A - the +0 cloak of Minor Irritation (worn) {+Blink rF+ rC+++ Int-5}
   (You found it in a bailey)

   Int-5:     It affects your intelligence (-5).
   rF+:       It protects you from fire.
   rC+++:     It renders you almost immune to cold.
   +Blink:    It lets you blink.
 B - a +0 cloak
Jewellery
 p - a ring of see invisible (left hand)
 w - a ring of ice
 x - an amulet of reflection (around neck)
 y - a ring of resist corrosion (right hand)
Wands
 I - a wand of polymorph (4)
Scrolls
 c - a scroll of butterflies
 f - a scroll of fog
 g - 2 scrolls of noise
 h - 5 scrolls of teleportation
 i - a scroll of torment
 k - a scroll of immolation
 s - 2 scrolls of enchant armour
 u - a scroll of vulnerability
 z - 3 scrolls of fear
 E - a scroll of summoning
 F - 4 scrolls of identify
 H - a scroll of revelation
Potions
 d - a potion of heal wounds
 e - 2 potions of haste {unknown}
 l - a potion of mutation {unknown}
 n - 4 potions of curing
 o - 2 potions of brilliance {unknown}
 q - a potion of resistance {unknown}
 r - 3 potions of enlightenment
 v - 3 potions of magic {unknown}
 G - a potion of might {unknown}
Miscellaneous
 C - a lightning rod (1/4)
 D - a box of beasts (inert)


   Skills:
 + Level 8.0 Fighting
 + Level 7.3 Long Blades
 + Level 7.4 Armour
 + Level 8.4 Dodging
 * Level 6.6 Spellcasting
 * Level 6.6 Conjurations
 * Level 6.6 Hexes
 * Level 6.6 Summonings
 * Level 6.6 Necromancy
 * Level 6.6 Translocations
 * Level 6.6 Transmutations
 * Level 6.6 Fire Magic
 * Level 6.6 Ice Magic
 * Level 6.6 Air Magic
 * Level 6.6 Earth Magic
 * Level 6.6 Poison Magic
 + Level 0.7 Evocations


You knew the following spells:

 Your Spells              Type           Power      Damage    Failure   Level
a - Foxfire               Conj/Fire      100%       2x1d9     8%          1
b - Lesser Beckoning      Tloc           68%        N/A       10%         2
c - Sigil of Binding      Hex            34%        N/A       16%         3
d - Anguish               Hex/Necr       17%        N/A       34%         4
e - Dispel Undead         Necr           34%        3d15      34%         4
Your spell library was empty.

Dungeon Overview and Level Annotations

Branches:
Dungeon (9/15)             Temple (0/1) D:6         Ossuary (visited)
 Bailey (visited)
   Lair: D:8-11         Orc: D:9-12

Altars:
Fedhas
Makhleb
Ru
Xom

Shops:
D:5 ?   D:8 (   D:9 =:

Annotations:
D:9 1 runed translucent door


Innate Abilities, Weirdness & Mutations

You are immune to sickness and miasma.
You are immune to poison.
Your flesh is very heat resistant. (rF++)
You are vulnerable to cold. (rC-)
You float through the air rather than walking.
You learn spells naturally, not from books.
Your magical power is your life essence.
You have superior vitality. (+4 MHP)
You are mostly covered in iridescent scales. (AC +4)
You are agile. (Dex +4, Str/Int -1)
Your mind is acute. (Int +4, Str/Dex -1)
You are resistant to electric shocks. (rElec)
Your muscles are very strong. (Str +8, Int/Dex -2)
Your spells are much harder to cast, but much more powerful.
Potions are less effective at restoring your health.
You expend health (3 HP) to strengthen your wands.


Message History

You are now a toy of Xom.
Things that are here:
a +0 dagger; a +0 leather armour Xom's power almost touches on you for a moment.
Your eyebrows wriggle.
There is an open translucent door, spattered with blood here.
Things that are here:
a +0 heavy orcbow; a +0 orcbow; a centaur skeleton You hit the orc warrior but do no damage.
The orc warrior hits you but does no damage.
You barely miss the orc warrior. The orc warrior completely misses you.
You slash the orc warrior! You freeze the orc warrior.
The orc warrior is heavily wounded.
The orc warrior hits you with a +0 hand axe!
* * * LOW HITPOINT WARNING * * *
You hit the orc warrior.
The orc warrior is heavily wounded.
The orc warrior closely misses you.
You hit the orc warrior but do no damage.
The orc warrior is heavily wounded.
The orc warrior hits you with a +0 hand axe.
* * * LOW HITPOINT WARNING * * *
You closely miss the orc warrior.
The orc warrior is heavily wounded.
The orc warrior hits you with a +0 hand axe!
* * * LOW HITPOINT WARNING * * *
You closely miss the orc warrior.
The orc warrior is heavily wounded.
You block the orc warrior's attack.
You barely miss the orc warrior.
The orc warrior is heavily wounded.
You hit the orc warrior but do no damage.
The orc warrior is poisoned.
The orc warrior is heavily wounded.
The orc warrior hits you with a +0 hand axe.
* * * LOW HITPOINT WARNING * * *
You hit the orc warrior but do no damage.
The orc warrior is severely wounded.
The orc warrior hits you with a +0 hand axe!
You die...

#..###...#'.###.......#
#..##.....###)........#
#######..#.......#..#.......#
#........#)).....).##......##
#.######.#.......###......##
#.#### #.##.....###...#####
#....# #.###...###...##
####.# #...#######'.## #.#
#.#....@o.)###
#.###.########## #.)...#
#######


You could see an orc warrior (very poisoned).

Vanquished Creatures
  An orc knight (Bailey)
  A cyclops (D:8)
  An ugly thing (D:9)
  A kobold demonologist (D:9)
  A polar bear (shapeshifter) (D:7)
  A merfolk (Bailey)
  Prince Ribbit (D:6)
  A hornet (D:7)
  A vampire (D:9)
  A wyvern (D:9)
  5 yaks (D:9)
  A wraith (Ossuary)
  2 steam dragons
  Edmund (D:5)
  2 water moccasins
  5 orc warriors
  2 black bears (D:5)
  An ogre (D:6)
  2 centaurs (D:9)
  7 kobold brigands
  2 bullfrogs (D:7)
  4 scorpions
  A wight (D:9)
  5 killer bees (D:9)
  2 howler monkeys
  A hound (D:4)
  4 orc priests
  Crazy Yiuf (D:5)
  3 gnoll boudas
  6 jellies
  A sleepcap (D:5)
  2 iguanas
  6 orc wizards
  3 mummies (Ossuary)
  18 gnolls
  3 adders
  2 shadow imps
  A worm (D:4)
  3 dart slugs (D:2)
  28 orcs
  2 ball pythons
  4 endoplasms
  6 giant cockroaches
  7 goblins
  6 hobgoblins
  6 jackals
  8 kobolds
  8 quokkas
  5 bats
  5 frilled lizards
  2 goblin zombies (Ossuary)
  5 hobgoblin zombies (Ossuary)
  4 kobold zombies (Ossuary)
  An orc zombie (Ossuary)
  7 rats
210 creatures vanquished.

Vanquished Creatures (collateral kills)
  A centaur warrior (D:9)
  Sigmund (D:2)
  2 yaks (D:9)
  2 wraiths (D:9)
  An orc priest (D:4)
  An orc wizard (D:4)
  An adder (D:3)
  2 orcs (D:3)
  A ball python (D:3)
  A quokka (D:3)
  A kobold (D:2)
  A rat (D:2)
15 creatures vanquished.

Vanquished Creatures (others)
  Grinder (D:5)
  A yak (D:9)
  A killer bee (D:9)
  A kobold (Bailey)
  15 foxfires (D:5)
19 creatures vanquished.

Grand Total: 244 creatures vanquished

Notes
Turn   | Place    | Note
-------+----------+-------------------------------------------
     0 | D:1      | Xavori the Djinni Chaos Knight began the quest for the Orb.
     0 | D:1      | Reached XP level 1. HP: 20/20 MP: 0/0
   191 | D:1      | XOM: silly message
   353 | D:1      | Reached XP level 2. HP: 21/25 MP: 0/0
   770 | D:1      | XOM: cloud trail
  1440 | D:1      | XOM: scenery: create altars
  1604 | D:1      | XOM: give mutations
  1604 | D:1      | Gained mutation: Your muscles are strong. (Str +4, Int/Dex
                  | -1) [Xom's grace]
  1604 | D:1      | Gained mutation: Your spells are a little harder to cast,
                  | but a little more powerful. [Xom's grace]
  1604 | D:1      | Gained mutation: You are partially covered in iridescent
                  | scales. (AC +2) [Xom's grace]
  1855 | D:1      | XOM: give mutation
  1855 | D:1      | Gained mutation: You are mostly covered in iridescent
                  | scales. (AC +4) [Xom's grace]
  1996 | D:1      | XOM is BORED!
  1996 | D:1      | XOM: summons 2 hostile demons
  2029 | D:2      | XOM: swap monsters
  2036 | D:2      | XOM: potion effect (might)
  2044 | D:2      | Reached XP level 3. HP: 25/30 MP: 0/0
  2044 | D:2      | Learned a level 1 spell: Foxfire
  2142 | D:2      | Reached skill level 1 in Spellcasting
  2142 | D:2      | Reached skill level 1 in Conjurations
  2142 | D:2      | Reached skill level 1 in Hexes
  2142 | D:2      | Reached skill level 1 in Summonings
  2142 | D:2      | Reached skill level 1 in Necromancy
  2142 | D:2      | Reached skill level 1 in Translocations
  2142 | D:2      | Reached skill level 1 in Transmutations
  2142 | D:2      | Reached skill level 1 in Fire Magic
  2142 | D:2      | Reached skill level 1 in Ice Magic
  2142 | D:2      | Reached skill level 1 in Air Magic
  2142 | D:2      | Reached skill level 1 in Earth Magic
  2142 | D:2      | Reached skill level 1 in Poison Magic
  2344 | D:2      | Noticed Sigmund
  2347 | D:2      | XOM: summons friendly iron imp
  2352 | D:2      | Killed Sigmund
  2353 | D:2      | Reached XP level 4. HP: 36/37 MP: 0/0
  2353 | D:2      | Reached XP level 5. HP: 40/41 MP: 0/0
  2353 | D:2      | Learned a level 2 spell: Lesser Beckoning
  2353 | D:2      | Reached XP level 6. HP: 46/47 MP: 0/0
  2482 | D:2      | XOM: scenery: create altars
  2490 | D:2      | XOM: give mutations
  2490 | D:2      | Gained mutation: You are agile. (Dex +4, Str/Int -1) [Xom's
                  | grace]
  2490 | D:2      | Gained mutation: You expend health (3 HP) to strengthen
                  | your wands. [Xom's grace]
  2521 | D:3      | Found a burning altar of Makhleb.
  2676 | D:3      | XOM: summons friendly shadow imp
  2799 | D:3      | XOM: god gift: 20 gold pieces
  2998 | D:3      | XOM: divination: magic mapping
  3150 | D:3      | XOM: scenery: create altars
  3156 | D:3      | XOM: scenery: summon butterflies
  3381 | D:4      | XOM: give mutation
  3381 | D:4      | Gained mutation: Your muscles are very strong. (Str +8,
                  | Int/Dex -2) [Xom's grace]
  3764 | D:4      | Reached XP level 7. HP: 52/52 MP: 0/0
  3764 | D:4      | Learned a level 3 spell: Sigil of Binding
  3805 | D:4      | XOM: god gift: 43 gold pieces
  3864 | D:4      | XOM: scenery: summon butterflies
  4038 | D:5      | Entered Level 5 of the Dungeon
  4163 | D:5      | XOM: scenery: create altars
  4165 | D:5      | XOM: cleaving
  4356 | D:5      | Reached XP level 8. HP: 55/58 MP: 0/0
  4381 | D:5      | Found a runed translucent door.
  4382 | D:5      | Noticed Crazy Yiuf
  4415 | D:5      | XOM: god gift: dagger {god gift}
  4509 | D:5      | Noticed Edmund
  4511 | D:5      | XOM: god gift: plate armour {god gift}
  4512 | D:5      | XOM: cast spell 'Summon Small Mammal'
  4519 | D:5      | XOM: cleaving
  4536 | D:5      | Killed Edmund
  4683 | D:5      | Found Zesen's Magic Scroll Shoppe.
  4691 | D:5      | Bought a scroll of fear for 56 gold pieces
  4691 | D:5      | Bought a scroll of fear for 56 gold pieces
  4691 | D:5      | Bought a scroll of blinking for 105 gold pieces
  4691 | D:5      | Bought a scroll of identify for 28 gold pieces
  4691 | D:5      | Bought a scroll of identify for 28 gold pieces
  4691 | D:5      | Bought a scroll of identify for 28 gold pieces
  4842 | D:5      | XOM: snakes to sticks
  4943 | D:5      | XOM: god gift: scroll of teleportation
  5188 | D:5      | Noticed Grinder
  5198 | D:5      | Killed Grinder
  5198 | D:5      | XOM: divine lightning
  5480 | D:5      | XOM: summons 5 hostile demons
  5481 | D:5      | XOM: smoke on damage
  5718 | D:5      | Killed Crazy Yiuf
  5813 | D:6      | Noticed Prince Ribbit
  5821 | D:6      | Reached skill level 5 in Fighting
  5975 | D:5      | XOM: summons 5 hostile demons
  6001 | D:6      | XOM: give mutations
  6001 | D:6      | Gained mutation: You occasionally lose the ability to drink
                  | potions when taking damage. [Xom's mischief]
  6001 | D:6      | Gained mutation: Your mind is acute. (Int +4, Str/Dex -1)
                  | [Xom's mischief]
  6001 | D:6      | Lost mutation: You are agile. (Dex +4, Str/Int -1) [Xom's
                  | mischief]
  6001 | D:6      | Gained mutation: Potions are less effective at restoring
                  | your health. [Xom's mischief]
  6186 | D:6      | Reached skill level 5 in Dodging
  6199 | D:6      | Killed Prince Ribbit
  6202 | D:6      | XOM: 11-stop teleportation journey
  6217 | D:6      | Reached XP level 9. HP: 62/65 MP: 0/0
  6217 | D:6      | Learned a level 4 spell: Anguish
  6222 | D:6      | Identified the +8 broad axe of Sufficient Integrity
                  | {distort, SInv}
  6248 | D:6      | Found a staircase to the Ecumenical Temple.
  6288 | D:6      | XOM: 10-stop teleportation journey
  6325 | D:6      | XOM: 3-stop teleportation journey
  6439 | D:6      | XOM: give mutation
  6439 | D:6      | Gained mutation: Your movements are slightly less
                  | encumbered by armour. (ER -2) [Xom's grace]
  6442 | D:6      | XOM: give mutations
  6442 | D:6      | Gained mutation: You are agile. (Dex +4, Str/Int -1) [Xom's
                  | grace]
  6442 | D:6      | Gained mutation: You are strong-willed. (Will+) [Xom's
                  | grace]
  6448 | D:6      | Reached skill level 5 in Long Blades
  6756 | D:6      | XOM: silly message
  6811 | D:6      | XOM: cast spell 'Call Canine Familiar'
  6851 | D:6      | XOM: scenery: 2 doors close
  6993 | D:6      | Found a sacrificial altar of Ru.
  7000 | D:6      | Found a blossoming altar of Fedhas.
  7195 | D:7      | XOM: 1-stop teleportation journey
  7241 | D:7      | Noticed a hornet
  7255 | D:7      | Killed a hornet
  7256 | D:7      | Reached skill level 5 in Armour
  7357 | D:7      | XOM: noise
  7368 | D:7      | XOM: cleaving
  7378 | D:7      | XOM: polymorph goblin -> shapeshifter
  7378 | D:7      | a shapeshifter changed into a skyshark
  7378 | D:7      | Noticed a skyshark (shapeshifter)
  7382 | D:7      | XOM: scenery: summon butterflies
  7409 | D:7      | XOM: cast spell 'Summon Small Mammal'
  7435 | D:7      | XOM: give mutations
  7435 | D:7      | Gained mutation: Your spells are harder to cast, but more
                  | powerful. [Xom's grace]
  7435 | D:7      | Gained mutation: Your spells are much harder to cast, but
                  | much more powerful. [Xom's grace]
  7435 | D:7      | Gained mutation: You are completely covered in iridescent
                  | scales. (AC +6) [Xom's grace]
  7435 | D:7      | Gained mutation: You are resistant to electric shocks.
                  | (rElec) [Xom's grace]
  7446 | D:7      | Noticed a wind drake
  7458 | D:7      | Noticed a polar bear
  7469 | D:7      | Found a flagged portal.
  7474 | Bailey   | Entered a bailey
  7624 | Bailey   | XOM: divination: detect items
  7720 | Bailey   | XOM: noise
  7729 | Bailey   | XOM: destruction
  7731 | Bailey   | XOM: noise
  7732 | Bailey   | Noticed an orc knight
  7734 | Bailey   | XOM: confusion
  7742 | Bailey   | XOM: confuse monster(s)
  7749 | Bailey   | XOM: cast spell 'Cause Fear'
  7783 | Bailey   | Reached XP level 10. HP: 34/72 MP: 0/0
  7878 | Bailey   | XOM: noise
  7898 | Bailey   | Killed an orc knight
  7899 | Bailey   | Reached skill level 5 in Spellcasting
  7899 | Bailey   | Reached skill level 5 in Conjurations
  7899 | Bailey   | Reached skill level 5 in Hexes
  7899 | Bailey   | Reached skill level 5 in Summonings
  7899 | Bailey   | Reached skill level 5 in Necromancy
  7899 | Bailey   | Reached skill level 5 in Translocations
  7899 | Bailey   | Reached skill level 5 in Transmutations
  7899 | Bailey   | Reached skill level 5 in Fire Magic
  7899 | Bailey   | Reached skill level 5 in Ice Magic
  7899 | Bailey   | Reached skill level 5 in Air Magic
  7899 | Bailey   | Reached skill level 5 in Earth Magic
  7899 | Bailey   | Reached skill level 5 in Poison Magic
  7906 | Bailey   | XOM: scenery: 3 doors close
  8101 | Bailey   | Noticed an orc knight
  8103 | Bailey   | an orc knight changed into a merfolk
  8103 | Bailey   | XOM: polymorph orc knight -> merfolk
  8174 | Bailey   | Found an iron altar of Okawaru.
  8174 | Bailey   | XOM: 9-stop teleportation journey
  8213 | Bailey   | Identified the +0 cloak of Minor Irritation {+Blink rF+
                  | rC+++ Int-5}
  8328 | D:7      | XOM: polymorph orc -> bat
  8398 | D:7      | Identified the +0 ring mail of the Miller {Harm}
  8403 | D:7      | XOM: give mutation
  8403 | D:7      | Lost mutation: You are completely covered in iridescent
                  | scales. (AC +6) [Xom's mischief]
  8592 | D:7      | XOM: divination: magic mapping
  8928 | D:8      | Identified the +2 rapier "Beetleslayer" {heavy, Dex+3}
  8996 | D:8      | XOM: cleaving
  9029 | D:8      | XOM: divination: detect items
  9033 | D:8      | Noticed a cyclops
  9048 | D:8      | XOM: summons 2 friendly demons
  9049 | D:8      | XOM: confuse monster(s)
  9211 | D:8      | Found a sand-covered staircase.
  9219 | Ossuary  | Entered an ossuary
  9398 | Ossuary  | XOM: give mutations
  9398 | Ossuary  | Lost mutation: You occasionally lose the ability to drink
                  | potions when taking damage. [Xom's mischief]
  9398 | Ossuary  | Lost mutation: You are strong-willed. (Will+) [Xom's
                  | mischief]
  9398 | Ossuary  | Lost mutation: Your movements are slightly less encumbered
                  | by armour. (ER -2) [Xom's mischief]
  9548 | Ossuary  | XOM: scenery: 1 doors open
  9836 | D:8      | XOM: noise
  9843 | D:8      | Killed a cyclops
 10131 | D:8      | Found Xaloari's Antique Weapon Boutique.
 10432 | D:9      | XOM: swap monsters
 10677 | D:9      | XOM: divination: magic mapping
 10691 | D:9      | Reached XP level 11. HP: 56/79 MP: 0/0
 10691 | D:9      | Learned a level 4 spell: Dispel Undead
 10691 | D:9      | XOM: summons friendly iron imp
 10693 | D:9      | XOM: silly message
 10702 | D:9      | XOM: divination: magic mapping
 10939 | D:9      | Found Orchusah's Jewellery Shop.
 10979 | D:9      | Found a runed translucent door.
 11069 | D:9      | Found a runed translucent door.
 11158 | D:9      | Found Cafaoq's Book Shop.
 11503 | D:9      | XOM: potion effect (brilliance)
 11531 | D:9      | XOM: enchant monster (good)
 11536 | D:9      | XOM: divine lightning
 11537 | D:9      | XOM: scenery: summon butterflies
 11566 | D:9      | XOM: cast spell 'Summon Mana Viper'
 11667 | D:9      | Noticed a centaur warrior
 11667 | D:9      | XOM: butterfly on damage
 11692 | D:9      | Killed a centaur warrior
 11951 | D:9      | HP: 4/81 [killer bee (2)]
 11983 | D:9      | XOM: scenery: 1 doors close
 12040 | D:9      | XOM: summons 3 hostile shadow creatures
 12041 | D:9      | Noticed a two-headed ogre
 12088 | D:9      | XOM: god gift: +4 quarterstaff of chaos
 12368 | D:9      | XOM: cast spell 'Cause Fear'
 12369 | D:9      | XOM: noise
 12378 | D:9      | XOM: divination: magic mapping
 12416 | D:9      | XOM: noise
 12584 | D:9      | XOM: enchant monster (bad)
 12584 | D:9      | Noticed a purple ugly thing
 12595 | D:9      | XOM: confuse monster(s)
 12607 | D:9      | Killed a purple ugly thing
 12614 | D:9      | XOM: draining
 12621 | D:9      | XOM: noise
 12632 | D:9      | XOM: silly message
 12647 | D:9      | Slain by an orc warrior

Illustrated notes

Levels and vault maps discovered:
D:1:      dpeg_arrival_tiny_a, layout_basic, serial_aquarium,
          aquarium_bridge_long_joined [aquarium_subvault_bridge,
          aquarium_subvault_wall, aquarium_subvault_balcony,
          aquarium_subvault_balcony, aquarium_subvault_bridge,
          aquarium_subvault_bridge], aquarium_bridge_square
          [aquarium_subvault_bridge, aquarium_subvault_bridge,
          aquarium_subvault_wall, aquarium_subvault_wall], aquarium_window_1,
          aquarium_window_1, aquarium_window_fake, aquarium_view_2a,
          aquarium_view_2d, aquarium_balcony_5b
D:2:      layout_rooms, minivault_25, item_on_display_a, uniq_sigmund
D:3:      wad_woods_stonehenge, layout_basic, minmay_misc_feat_five
D:4:      layout_basic, small_statue_intersection, hangedman_decor_slide_cut
D:5:      layout_layer_cave, serial_shops, nicolae_shop_stone,
          uniq_crazy_yiuf_cottage, uniq_grinder, uniq_edmund
D:6:      layout_gridville, amethyst_overflow_temple_binary,
          minmay_temple_entry_statues_pillars, uniq_prince_ribbit1
D:7:      layout_loops_cross, enter_bailey_3, amcnicky_mini_rare_corridor_liquid
D:8:      layout_loops_ring, serial_shops, nicolae_shop_tiny_waterfront,
          nicolae_ossuary_entry_monument
D:9:      cheibrodos_histonic, layout_basic, serial_shops, shop,
          nicolae_shop_hallway_plus

Skill      XL: |  1  2  3  4  5  6  7  8  9 10 11 |
---------------+----------------------------------+-----
Long Blades    | 3 4 5 6 7 |  7.3
Spellcasting   | 1 2 3 4 5 6 |  6.6
Conjurations   | 1 2 3 4 5 6 |  6.6
Hexes          | 1 2 3 4 5 6 |  6.6
Summonings     | 1 2 3 4 5 6 |  6.6
Necromancy     | 1 2 3 4 5 6 |  6.6
Translocations | 1 2 3 4 5 6 |  6.6
Transmutations | 1 2 3 4 5 6 |  6.6
Fire Magic     | 1 2 3 4 5 6 |  6.6
Ice Magic      | 1 2 3 4 5 6 |  6.6
Air Magic      | 1 2 3 4 5 6 |  6.6
Earth Magic    | 1 2 3 4 5 6 |  6.6
Poison Magic   | 1 2 3 4 5 6 |  6.6
Armour         | 2 3 4 5 6 7 |  7.4
Dodging        | 3 4 5 6 7 8 |  8.4
Fighting       | 4 5 6 7 8 |  8.0
Evocations     | |  0.7

Action                     |  1- 3 |  4- 6 |  7- 9 | 10-12 || total
---------------------------+-------+-------+-------+-------++-------
  Melee: Falchion          |   106 |   132 |   360 |   532 ||  1130
         Punch             |       |     2 |     4 |    10 ||    16
  Throw: Dart              |       |       |       |    11 ||    11
   Cast: Foxfire           |       |       |     9 |       ||     9
         Sigil of Binding  |       |       |       |     1 ||     1
  Evoke: Wand              |       |       |     3 |     1 ||     4
         Lightning rod     |       |       |       |     3 ||     3
         Box of beasts     |       |       |       |     1 ||     1
    Use: Scroll            |       |       |     9 |     5 ||    14
         Potion            |       |       |     6 |     2 ||     8
   Stab: Sleeping          |       |     1 |     3 |     1 ||     5
         Distracted        |       |     1 |     2 |     1 ||     4
         Confused          |       |       |     3 |     3 ||     6
         Invisible         |       |       |     5 |     2 ||     7
         Paralysed         |       |       |     9 |     9 ||    18
         Petrifying        |       |       |       |     1 ||     1
 Armour: Leather armour    |    67 |    73 |   220 |   274 ||   634
  Dodge: Dodged            |    83 |    92 |   292 |   401 ||   868
  Block: Other             |       |       |    92 |   122 ||   214
         Reflection        |       |       |     1 |     3 ||     4

Table legend: (Time is in decaauts)
 A = Elapsed time spent in this place.
 B = Non-inter-level travel time spent in this place.
 C = Inter-level travel time spent in this place.
 D = Time resting spent in this place.
 E = Time spent auto-exploring this place.
 F = Levels seen in this place.
 G = Mean time per level.
                   A        B        C        D        E       F      G
               +--------+--------+--------+--------+--------+-----+--------+
         Total |  12685 |  12299 |    386 |   3106 |   6687 |  11 | 1153.2 |
       Dungeon |  11383 |  10997 |    386 |   2592 |   6250 |   9 | 1264.8 |
       Ossuary |    491 |    491 |      0 |     84 |    289 |   1 |  491.0 |
        Bailey |    811 |    811 |      0 |    430 |    148 |   1 |  811.0 |
               +--------+--------+--------+--------+--------+-----+--------+

Top non-repeatable levels by time:
     D:9: 2286 daAuts
     D:1: 2030 daAuts
     D:5: 1914 daAuts
     D:6: 1102 daAuts
     D:7: 1067 daAuts
     D:3: 826 daAuts
     D:8: 823 daAuts
     D:4: 822 daAuts
  Bailey: 811 daAuts
     D:2: 510 daAuts
 Ossuary: 491 daAuts
